 Dungeon Crawl Stone Soup version 0.31-a0-845-g9abc20d24f (webtiles) character file.

Game seed: 10999961315463111

322 arglypuff the Chopper (level 6, -6/55 HPs)
             Began as a Hill Orc Cinder Acolyte on Oct 1, 2023.
             Was a High Priest of Ignis.
             Mangled by a lemure (7 damage)
             ... led by Pikel
             ... on level 4 of the Dungeon.
             The game lasted 00:05:06 (3334 turns).

arglypuff the Chopper (Hill Orc Cinder Acolyte)     Turns: 3334, Time: 00:05:07

Health: -6/55      AC:  2    Str: 17    XL:     6   Next: 47%
Magic:  1/9        EV: 11    Int: 16    God:    Ignis [*****.]
Gold:   183        SH:  0    Dex:  6    Spells: 7/9 levels left

rFire   + . .        a - -1 hand axe (flame)
rCold   . . .        (no shield)
rNeg    . . .        b - +0 robe
rPois   .            (no helmet)
rElec   .            (no cloak)
rCorr   .            (no gloves)
SInv    .            (no boots)
Will    .....        (no amulet)
Stlth   +            (no ring)
HPRegen 0.29/turn    (no ring)
MPRegen 0.11/turn

%: no passive effects
@: no status effects
A: no striking features
a: Renounce Religion, Fiery Armour, Foxfire Swarm, Rising Flame


You were on level 4 of the Dungeon.
You worshipped Ignis.
Ignis was extremely pleased with you.
You visited 1 branch of the dungeon, and saw 4 of its levels.

You collected 183 gold pieces.

Inventory:

Hand Weapons
 a - a -1 hand axe of flaming (weapon)
Armour
 b - a +0 robe (worn)
Magical Staves
 q - a staff of air
Wands
 i - a wand of flame (18)
 t - a wand of charming (19)
Scrolls
 d - 3 scrolls of vulnerability {unknown}
 e - 4 scrolls of identify {unknown}
 f - 2 scrolls of teleportation {unknown}
 h - 3 scrolls of enchant weapon {unknown}
 j - 5 scrolls of amnesia {unknown}
 n - a scroll of acquirement {unknown}
 o - 2 scrolls of noise {unknown}
 s - 2 scrolls of revelation {unknown}
Potions
 c - 2 potions of heal wounds {unknown}
 g - a potion of lignification {unknown}
 k - 2 potions of ambrosia {unknown}
 l - a potion of mutation {unknown}
 m - a potion of attraction {unknown}
 p - 2 potions of curing {unknown}
 r - 2 potions of enlightenment {unknown}
 u - 2 potions of berserk rage {unknown}


   Skills:
 + Level 4.9 Fighting
 + Level 6.0 Axes
 + Level 1.1 Dodging
 + Level 0.7 Stealth
 + Level 2.3 Spellcasting
 + Level 4.4 Fire Magic


You had 7 spell levels left.
You knew the following spells:

 Your Spells              Type           Power      Damage    Failure   Level
a - Scorch                Fire           32%        2d6       4%          2

Your spell library contained the following spells:

 Spells                   Type           Power      Damage    Failure   Level
 Call Canine Familiar     Summ           1%         N/A       52%         3
 Summon Hydra             Summ           0%         N/A       100%        7


Dungeon Overview and Level Annotations

Branches:
Dungeon (4/15)
 Temple: D:4-7

Altars:
Okawaru
Sif Muna
Wu Jian
Zin

Shops:
D:1 =   D:4 *


Message History

Flames lash the lemure.
The lemure is moderately wounded.
The lemure's fire resistance burns away.
The lemure hits you.
You closely miss the lemure.
The lemure is moderately wounded.
The lemure hits you!
You closely miss the lemure.
The lemure is moderately wounded.
The lemure hits you.
You hit the lemure but do no damage.
The lemure is moderately wounded.
The lemure is no longer more vulnerable to fire.
The lemure hits you!
* * * LOW HITPOINT WARNING * * *
You hit the lemure but do no damage.
The lemure is moderately wounded.
The lemure barely misses you.
You hit the lemure but do no damage.
The lemure is moderately wounded.
The lemure hits you.
* * * LOW HITPOINT WARNING * * *
You hit the lemure. You burn the lemure.
The lemure is heavily wounded.
The lemure barely misses you.
You hit the lemure but do no damage.
The lemure is heavily wounded.
The lemure hits you!
* * * LOW HITPOINT WARNING * * *
You closely miss the lemure.
The lemure is heavily wounded.
The lemure misses you.
You hit the lemure but do no damage.
The lemure is heavily wounded.
The lemure hits you.
* * * LOW HITPOINT WARNING * * *
You miss the lemure.
The lemure is heavily wounded.
The lemure hits you!
You die...

... #.#....# #.#....# #
#.#....##. #.#......
#.#....# #. #.#.o..#
#####. #@#....# #.....#
#5)....#
##.....#ยง##.#...##
.......'...^)>..#####
..5....#.............
##..)..######..########
......o..o.............
#########.###..########
#......#


You could see a lemure.

Vanquished Creatures
  Sigmund (D:2)
  A howler monkey (D:4)
  3 adders
  4 dart slugs
  6 orcs (D:4)
  9 endoplasms
  5 giant cockroaches
  7 goblins
  7 hobgoblins
  5 jackals
  2 quokkas (D:2)
  5 ball pythons
  7 bats
  3 frilled lizards
  5 kobolds
  8 rats
78 creatures vanquished.

Notes
Turn   | Place    | Note
-------+----------+-------------------------------------------
     0 | D:1      | arglypuff the Hill Orc Cinder Acolyte began the quest for
                  | the Orb.
     0 | D:1      | Reached XP level 1. HP: 19/19 MP: 2/2
    75 | D:1      | Reached XP level 2. HP: 26/27 MP: 3/3
    78 | D:1      | Learned a level 2 spell: Scorch
   286 | D:1      | Found Noefonta's Jewellery Boutique.
   794 | D:2      | Reached XP level 3. HP: 17/33 MP: 1/4
   801 | D:2      | Noticed Sigmund
  1092 | D:2      | Killed Sigmund
  1093 | D:2      | Reached skill level 5 in Axes
  1093 | D:2      | Reached XP level 4. HP: 13/41 MP: 1/6
  1093 | D:2      | Reached XP level 5. HP: 15/47 MP: 1/7
  1398 | D:2      | Reached skill level 1 in Dodging
  1462 | D:2      | Reached XP level 6. HP: 55/55 MP: 5/8
  1490 | D:2      | Got a clothbound book
  1594 | D:2      | Reached skill level 6 in Axes
  2202 | D:3      | Found a glowing silver altar of Zin.
  2202 | D:3      | Found an iron altar of Okawaru.
  2204 | D:3      | Found a shimmering blue altar of Sif Muna.
  2819 | D:4      | Found Ceadost's Serpentskin Sales.
  3094 | D:4      | Found an ornate altar of the Wu Jian Council.
  3333 | D:4      | HP: 1/55 [lemure[Pikel] (3)]
  3334 | D:4      | Mangled by a lemure

Illustrated notes

Levels and vault maps discovered:
D:1:      erik_arrival_cave_to_civilisation [erik_arrival_cave_to_hall],
          layout_rooms, serial_shops, nicolae_lakefront_shop
D:2:      layout_rooms, uniq_sigmund
D:3:      layout_loops_cross, chequers_temple_overflow_statue_of_worship,
          minmay_door_square, minmay_goblin_kobold_house
D:4:      layout_basic, general_overflow_altar, guppyfry_shop_venom, uniq_pikel

Skill      XL: |  1  2  3  4  5  6 |
---------------+-------------------+-----
Fighting       | 4 |  4.9
Axes           | 5 6 |  6.0
Fire Magic     | 4 |  4.4
Dodging        | 1 |  1.1
Spellcasting   | 2 |  2.3
Stealth        | |  0.7

Action                     |  1- 3 |  4- 6 || total
---------------------------+-------+-------++-------
  Melee: Hand axe          |    77 |    46 ||   123
   Cast: Scorch            |    13 |    52 ||    65
 Armour: Robe              |    66 |    35 ||   101
  Dodge: Dodged            |    64 |    34 ||    98

Table legend: (Time is in decaauts)
 A = Elapsed time spent in this place.
 B = Non-inter-level travel time spent in this place.
 C = Inter-level travel time spent in this place.
 D = Time resting spent in this place.
 E = Time spent auto-exploring this place.
 F = Levels seen in this place.
 G = Mean time per level.
                   A        B        C        D        E       F      G
               +--------+--------+--------+--------+--------+-----+--------+
         Total |   3339 |   3232 |    107 |     85 |   2686 |   4 |  834.8 |
       Dungeon |   3339 |   3232 |    107 |     85 |   2686 |   4 |  834.8 |
               +--------+--------+--------+--------+--------+-----+--------+

Top non-repeatable levels by time:
     D:3: 916 daAuts
     D:1: 894 daAuts
     D:2: 789 daAuts
     D:4: 737 daAuts
